 Dungeon Crawl Stone Soup version 0.27.0-66-gdc8fb28755 (webtiles) character file.

Game seed: 10525277680226856342

1796 funkygono the Firebug (level 9, -1/47 HPs)
             Began as a Gargoyle Fire Elementalist on Aug 19, 2021.
             Was a Follower of Vehumet.
             Slain by a wight (5 damage)
             ... on level 6 of the Dungeon.
             The game lasted 00:15:49 (6704 turns).

funkygono the Firebug (Gargoyle Fire Elementalist)  Turns: 6704, Time: 00:15:50

Health: -1/47      AC:  8    Str: 13    XL:     9   Next: 9%
Magic:  24/26      EV: 12    Int: 18    God:    Vehumet [*.....]
Gold:   260        SH:  0    Dex: 10    Spells: 2/19 levels left

rFire    . . .     SeeInvis .   c - +2 whip (spect)
rCold    . . .     Faith    .   (no shield)
rNeg     + . .     Spirit   .   a - +0 robe
rPois    ∞         Reflect  .   (no helmet)
rElec    +         Harm     .   (no cloak)
rCorr    .         Rampage  .   (no gloves)
Will     .....                  (no boots)
Stlth    ++........             (no amulet)
HPRegen  0.15/turn              e - ring of magical power
MPRegen  0.20/turn              (no ring)

@: no status effects
A: sickness immunity, AC +6, negative energy resistance 1, electricity
resistance, torment resistance 1, petrification resistance
a: Renounce Religion


You were on level 6 of the Dungeon.
You worshipped Vehumet.
Vehumet was aware of your devotion.
You visited 2 branches of the dungeon, and saw 8 of its levels.
You also visited: Sewer.

You collected 260 gold pieces.

Inventory:

Hand Weapons
 c - a +2 spectral whip (weapon)
Missiles
 d - 183 stones (quivered)
Armour
 a - a +0 robe (worn)
 h - a +0 leather armour
 i - a +0 kite shield
Magical Staves
 p - a staff of poison
Jewellery
 e - a ring of magical power (left hand)
Wands
 q - a wand of polymorph (7)
Potions
 b - 2 potions of attraction
 f - 2 potions of invisibility
 g - a potion of magic
 j - a potion of resistance
 k - a potion of berserk rage {unknown}
 l - a potion of haste {unknown}
 m - 2 potions of flight {unknown}
 n - 3 potions of might
 o - 2 potions of curing {unknown}
 s - a potion of mutation {unknown}


   Skills:
 + Level 1.1 Fighting
 + Level 2.5 Maces & Flails
 + Level 3.4 Dodging
 - Level 2.1 Stealth
 + Level 5.7 Spellcasting
 + Level 5.8 Conjurations
 + Level 6.3 Fire Magic
 * Level 3.0 Ice Magic


You had 2 spell levels left.
You knew the following spells:

 Your Spells              Type           Power      Damage    Failure   Level
a - Foxfire               Conj/Fire      100%       2x1d9     1%          1
b - Conjure Flame         Conj/Fire      27%        6-21      3%          3
c - Sticky Flame          Conj/Fire      27%        2d5       10%         4
d - Fireball              Conj/Fire      13%        3d7       28%         5
e - Frozen Ramparts       Ice            32%        1d5       11%         3
f - Sandblast             Erth           10%        2d5       12%         1

Your spell library contained the following spells:

 Spells                   Type           Power      Damage    Failure   Level
 Magic Dart               Conj           100%       1d8       1%          1
 Searing Ray              Conj           52%        3d5       1%          2
 Freeze                   Ice            64%        1d8       3%          1
 Shock                    Conj/Air       60%        1d6       3%          1
 Inner Flame              Hex/Fire       16%        N/A       10%         3
 Hailstorm                Conj/Ice       21%        3d6       21%         4
 Swiftness                Air            5%         N/A       36%         3
 Tukima's Dance           Hex            5%         N/A       36%         3
 Fulminant Prism          Conj/Hex       7%         3d7       36%         4
 Airstrike                Air            2%         N/A       77%         4
 Passage of Golubria      Tloc           N/A        N/A       77%         4
 Yara's Violent Unravell  Hex/Tmut       2%         3d3       98%         5


Dungeon Overview and Level Annotations

Branches:
Dungeon (7/15)             Temple (1/1) D:4           Sewer (visited)

Altars:
Ashenzari
Cheibriados
Elyvilon
Gozag
Hepliaklqana
Makhleb
Okawaru
Qazlal
Ru
Sif Muna
Trog
Uskayaw
Vehumet
Wu Jian
Xom
Yredelemnul
Zin
The Shining One

Shops:
D:2 [


Innate Abilities, Weirdness & Mutations

You are immune to sickness and miasma.
Your stone body is resilient. (AC +6)
You are immune to poison.
You resist negative energy. (rN+)
You are resistant to electric shocks. (rElec)
You are resistant to unholy torment.
You are immune to petrification.


Message History

The wight hits you from afar with a +3 halberd!
The wight closely misses you.
There is an open door here.
You hit the wight.
The wight is lightly damaged.
The wight barely misses you.
You barely miss the wight.
The wight is lightly damaged.
The wight closely misses you.
You hit the wight.
The wight is lightly damaged.
The wight hits you but does no damage.
You hit the wight.
The wight is moderately damaged.
The wight hits you with a +3 halberd.
You closely miss the wight.
The wight is moderately damaged.
The wight barely misses you.
You hit the wight but do no damage.
The wight is moderately damaged.
The wight hits you with a +3 halberd!
You closely miss the wight.
The wight is moderately damaged.
The wight closely misses you.
The wight hits you from afar with a +3 halberd!
* * * LOW HITPOINT WARNING * * *
Casting: Foxfire (safe; 1% risk of failure)
Confirm with . or Enter, or press ? or * to list all spells.
You conjure some foxfire!
The wight barely misses you.
Casting: Foxfire (safe; 1% risk of failure)
Confirm with . or Enter, or press ? or * to list all spells.
You conjure some foxfire!
The wight hits you from afar with a +3 halberd!
* * * LOW HITPOINT WARNING * * *
The foxfire hits the wight.
The wight is heavily damaged.
The foxfire hits the wight but does no damage.
The wight is heavily damaged.
The wight hits you from afar with a +3 halberd.
You die...

#########
#.#.#.#.#
#####'#'#'#§#+#+#
#..'.....v@§§...#
#.###'#)#§#v#+#+#
###.8##.#.#.#z#
#..<###########
#####..†......#
....'.........#
.####.........#
.# #.........#
#####.........#


You could see a wight (ally target).

Vanquished Creatures
  Sigmund (D:5)
  Menkaure (D:6)
  A water moccasin (D:6)
  An orc warrior (D:7)
  A necrophage (D:6)
  A centaur (D:7)
  A phantom (D:5)
  A kobold brigand (D:7)
  A water moccasin zombie (D:5)
  2 scorpions
  4 wights
  3 centaur zombies (D:6)
  3 bullfrog zombies
  2 hounds
  A centaur skeleton (D:7)
  A bullfrog skeleton (D:6)
  An iguana (D:4)
  An orc wizard (D:4)
  Ijyb (D:5)
  A mummy (D:6)
  A howler monkey zombie (D:5)
  A howler monkey skeleton (D:7)
  7 adders
  A shadow imp (D:3)
  2 white imps
  2 ufetubi (D:4)
  2 adder skeletons (D:4)
  2 worms
  A dart slug (D:2)
  11 orcs
  6 bats
  5 endoplasms
  13 giant cockroaches
  7 goblins
  14 hobgoblins
  10 jackals
  5 quokkas
  8 ball pythons
  10 frilled lizards
  8 kobolds
  8 rats
153 creatures vanquished.

Vanquished Creatures (others)
  553 foxfires
553 creatures vanquished.

Grand Total: 706 creatures vanquished

Notes
Turn   | Place    | Note
-------+----------+-------------------------------------------
     0 | D:1      | funkygono the Gargoyle Fire Elementalist began the quest
                  | for the Orb.
     0 | D:1      | Reached XP level 1. HP: 10/10 MP: 3/3
   349 | D:1      | Reached XP level 2. HP: 14/15 MP: 5/5
   846 | D:1      | Reached XP level 3. HP: 19/19 MP: 6/6
  1090 | D:1      | Learned a level 3 spell: Conjure Flame
  1284 | D:2      | Found Busoh's Armour Shoppe.
  2050 | D:3      | Reached XP level 4. HP: 24/24 MP: 7/7
  2400 | D:3      | Found a snail-covered altar of Cheibriados.
  2780 | D:3      | Reached skill level 4 in Fire Magic
  2787 | D:3      | Reached XP level 5. HP: 28/28 MP: 9/9
  2935 | D:3      | Learned a level 4 spell: Sticky Flame
  3292 | D:4      | Found a glowing drain.
  3296 | Sewer    | Entered a sewer
  3537 | Sewer    | Reached skill level 1 in Maces & Flails
  3543 | Sewer    | Reached XP level 6. HP: 31/32 MP: 10/10
  3878 | D:4      | You fall into a shaft and drop 3 floors!
  4096 | D:7      | Noticed an orc warrior
  4107 | D:7      | Killed an orc warrior
  4108 | D:7      | Reached XP level 7. HP: 35/37 MP: 8/12
  4294 | D:6      | Noticed Menkaure
  4298 | D:6      | Killed Menkaure
  4327 | D:5      | Entered Level 5 of the Dungeon
  4343 | D:5      | Reached skill level 5 in Fire Magic
  4472 | D:4      | Found a staircase to the Ecumenical Temple.
  4483 | Temple   | Entered the Ecumenical Temple
  4509 | Temple   | Became a worshipper of Vehumet
  5211 | D:4      | Learned a level 3 spell: Frozen Ramparts
  5314 | D:5      | Found a stormy altar of Qazlal.
  5317 | D:5      | Found a basalt altar of Yredelemnul.
  5347 | D:5      | Reached XP level 8. HP: 24/42 MP: 8/14
  5496 | D:5      | Found a broken altar of Ashenzari.
  5499 | D:5      | Found a hide-covered altar of Uskayaw.
  5668 | D:5      | Reached skill level 1 in Ice Magic
  5708 | D:5      | Noticed Ijyb
  5735 | D:5      | Killed Ijyb
  5826 | D:5      | Noticed Sigmund
  5834 | D:5      | Killed Sigmund
  5835 | D:5      | Reached skill level 5 in Conjurations
  5934 | D:5      | Found an ornate altar of the Wu Jian Council.
  6095 | D:5      | Reached skill level 5 in Spellcasting
  6268 | D:5      | Learned a level 5 spell: Fireball
  6310 | D:6      | Reached skill level 6 in Fire Magic
  6524 | D:6      | Reached * piety under Vehumet
  6524 | D:6      | Offered knowledge of Sandblast by Vehumet.
  6529 | D:6      | Learned a level 1 spell: Sandblast
  6617 | D:6      | Reached skill level 1 in Fighting
  6665 | D:6      | Reached XP level 9. HP: 46/47 MP: 17/17
  6704 | D:6      | Slain by a wight

Illustrated notes

Levels and vault maps discovered:
D:1:      psy_arrival_fountain, layout_basic, minivault_27
D:2:      layout_basic, serial_shops, shop
D:3:      layout_basic, mainiacjoe_overflow_concentric_impassable,
          minmay_divided_ellipse
D:4:      layout_loops_ring, minmay_temple_entry_junction_2,
          gup_sewer_entry_spiral
D:5:      layout_gridville, pdpol_wu_jian_five_deadly_venoms,
          grunt_temple_overflow_cloverleaf, uniq_ijyb, uniq_sigmund
D:6:      layout_basic, lemuel_mausoleum_altar_kikubaaqudgha,
          ebering_ghost_rock_garden, serial_corexii_hall,
          corexii_hall_statues_x, corexii_hall_statues_x, uniq_menkaure,
          uniq_crazy_yiuf_cottage
D:7:      layout_loops_ring, st_stairs_9
Temple:   hc_temple_tempest_star

Skill      XL: |  1  2  3  4  5  6  7  8  9 |
---------------+----------------------------+-----
Dodging        | 2 3 |  3.4
Conjurations   | 2 3 4 5 |  5.8
Fire Magic     | 4 5 6 |  6.3
Spellcasting   | 3 4 5 |  5.7
Maces & Flails | 1 2 |  2.5
Ice Magic      | 2 3 |  3.0
Fighting       | 1 |  1.1
Stealth        | |  2.1

Action                   |  1- 3 |  4- 6 |  7- 9 || total
-------------------------+-------+-------+-------++-------
Melee: Whip              |    56 |    60 |    48 ||   164
 Cast: Foxfire           |    63 |   127 |   137 ||   327
       Frozen Ramparts   |       |       |     2 ||     2
  Use: Scroll            |     5 |     5 |     3 ||    13
 Stab: Sleeping          |     1 |     1 |       ||     2
Armor: Robe              |    18 |    22 |    28 ||    68
Dodge: Dodged            |    53 |    48 |    49 ||   150
